 Dungeon Crawl Stone Soup version 0.30-a0-760-g5a9884bb7c (webtiles) character file.

Game seed: 4571012951085029612

439 sanka the Geomancer (level 7, -4/40 HPs)
             Began as a Gargoyle Earth Elementalist on Feb 11, 2023.
             Was an Initiate of Vehumet.
             Killed by divine providence
             ... invoked by an orc priest
              (16 damage)
             ... on level 5 of the Dungeon.
             The game lasted 00:05:36 (3386 turns).

sanka the Geomancer (Gargoyle Earth Elementalist)   Turns: 3386, Time: 00:05:37

Health: -4/40      AC:  6    Str: 11    XL:     7   Next: 1%
Magic:  3/10       EV: 12    Int: 24    God:    Vehumet [......]
Gold:   202        SH:  0    Dex: 10    Spells: 4/10 levels left

rFire   . . .      SeeInvis .    n - +0 broad axe (heavy)
rCold   . . .      Faith    .    (no shield)
rNeg    + . .      Spirit   .    a - +0 robe
rPois   ∞          Reflect  .    (no helmet)
rElec   +          Harm     .    (no cloak)
rCorr   .          Rampage  .    (no gloves)
Will    .....                    (no boots)
Stlth   ++                       (no amulet)
HPRegen 0.26/turn                (no ring)
MPRegen 0.12/turn                q - +6 ring of intelligence

@: weak-willed, flying
A: sickness immunity, AC +4, negative energy resistance 1, electricity
resistance, torment resistance 1, petrification resistance
a: Renounce Religion


You were on level 5 of the Dungeon.
You worshipped Vehumet.
Vehumet was noncommittal.
You visited 2 branches of the dungeon, and saw 6 of its levels.

You collected 202 gold pieces.


Innate Abilities, Weirdness & Mutations

You are immune to sickness and miasma.
Your stone body is resilient. (AC +4)
You are immune to poison.
You resist negative energy. (rN+)
You are resistant to electric shocks. (rElec)
You are resistant to unholy torment.
You are immune to petrification.


   Skills:
 + Level 2.6 Fighting
 + Level 2.6 Dodging
 - Level 2.1 Stealth
 - Level 2.0 Spellcasting
 - Level 0.7 Transmutations
 - Level 8.0 Earth Magic


You had 4 spell levels left.
You knew the following spells:

 Your Spells              Type           Power      Damage    Failure   Level
x - Stone Arrow           Conj/Erth      42%        3d9       7%          3
z - Sandblast             Erth           80%        2d17      1%          1
N - Passwall              Tmut/Erth      19%        N/A       3%          2

Your spell library contained the following spells:

 Spells                   Type           Power      Damage    Failure   Level
 Magic Dart               Conj           8%         1d3       12%         1
 Ensorcelled Hibernation  Hex/Ice        4%         N/A       19%         2
 Searing Ray              Conj           4%         2d4       19%         2
 Petrify                  Tmut/Erth      23%        N/A       21%         4
 Portal Projectile        Hex/Tloc       4%         N/A       34%         3
 Swiftness                Air            2%         N/A       34%         3
 Tukima's Dance           Hex            2%         N/A       34%         3
 Dispel Undead            Necr           2%         3d7       75%         4
 Fulminant Prism          Conj/Hex       1%         3d5       75%         4
 Blade Hands              Tmut           2%         N/A       94%         5
 Death Channel            Necr           1%         N/A       100%        6
 Cigotuvi's Dreadful Rot  Necr/Pois/Air  Unusable   N/A       N/A         2

Inventory:

Hand Weapons
 n - a +0 heavy broad axe (weapon)
 r - a +1 dagger of venom
Armour
 a - a +0 robe (worn)
Magical Staves
 o - a staff of fire
Jewellery
 k - a ring of ice
 q - a +6 ring of intelligence (right hand)
Scrolls
 c - 2 scrolls of teleportation {unknown}
 d - 10 scrolls of identify {unknown}
 h - a scroll of fog {unknown}
 j - a scroll of blinking
 m - a scroll of fear {unknown}
 u - 2 scrolls of vulnerability {!r}
 v - 2 scrolls of enchant armour {unknown}
 x - a scroll of enchant weapon {unknown}
 y - a scroll of poison {unknown}
Potions
 b - a potion of magic
 e - 2 potions of flight
 f - 4 potions of curing {unknown}
 g - a potion of berserk rage {unknown}
 i - a potion of degeneration {unknown}
 l - a potion of cancellation {unknown}
 p - 2 potions of might {unknown}
 s - a potion of resistance {unknown}
 t - 2 potions of lignification {unknown}
 w - a potion of haste {unknown}

Dungeon Overview and Level Annotations

Branches:
Dungeon (5/15)             Temple (1/1) D:4

Altars:
Ashenzari
Cheibriados
Dithmenos
Elyvilon
Fedhas
Gozag
Hepliaklqana
Kikubaaqudgha
Makhleb
Nemelex Xobeh
Okawaru
Qazlal
Ru
Sif Muna
Trog
Uskayaw
Vehumet
Wu Jian
Xom
Yredelemnul
Zin
The Shining One

Shops:
D:5

* ...........▒▒▒...▒▒
............▒..▒..▒.. ....
.......[............ ▒▒▒..▒ ▒
...................▒ ....▒ ▒▒.▒
.........o......†..▒▒▒▒▒..▒▒▒...
...?..).o.J...................▒
......▒▒▒#o.................▒
...... ▒.......†††.........▒▒▒▒
....<. ▒.......8......∩....[<.▒
.....o ▒......................▒
...... ▒..........▒▒▒▒▒▒▒▒▒...▒
...... ▒..........▒ ▒...▒ ......
▒▒▒▒▒▒▒▒▒▒▒▒ ▒...▒ ▒▒▒▒▒


You could see a jelly (weak-willed), an orc priest (weak-willed) and an orc
(weak-willed).


Message History

You fly up into the air.
The blast of sand hits the orc but does no damage.
The orc hits you but does no damage. The orc hits you but does no damage.
The orc priest begins to cast a cantrip, but forgets the words!
The orc barely misses you. The orc hits you but does no damage.
The blast of sand hits the orc but does no damage.
The orc hits you but does no damage.
The blast of sand misses the orc.
The orc closely misses you. The orc hits you but does no damage.
The orc hits you but does no damage. The orc closely misses you.
The jelly hits you.
* * * LOW HITPOINT WARNING * * *
You are splashed with acid!
* * * LOW HITPOINT WARNING * * *
As you read the scroll labelled NEINADDOEB, it crumbles to dust.
Magic quickly surges around you.
It was a scroll of vulnerability.
The jelly barely misses you. The orc misses you.
The orc hits you but does no damage.
Blink to where?
As you read the scroll labelled JAOWEI DAWNAPE, it crumbles to dust.
It was a scroll of blinking.
The orc priest invokes the aid of Beogh against you.
Beogh smites you!
You die...

Action                     |  1- 3 |  4- 6 |  7- 9 || total
---------------------------+-------+-------+-------++-------
  Melee: Unarmed           |     5 |       |       ||     5
         Broad axe         |       |     2 |       ||     2
   Cast: Sandblast         |    39 |    65 |     3 ||   107
    Use: Scroll            |       |       |     2 ||     2
         Potion            |       |       |     1 ||     1
 Armour: Robe              |     5 |     2 |     9 ||    16
  Dodge: Dodged            |     6 |    11 |     6 ||    23

Levels and vault maps discovered:
D:1:      lightli_arrival_statue_moat, layout_basic, patterned_corridor
D:2:      layout_rooms, kennysheep_generic_room_9
D:3:      layout_rooms
D:4:      layout_loops_ring, nicolae_overflow_quartered_altars,
          nicolae_dithmenos_through_a_glass_darkly, minmay_temple_entry_trees
D:5:      layout_rooms, serial_shops, shop, nicolae_shop_crystal, shop, shop,
          nicolae_shop_bloodbath_and_beyond, minmay_strange_pillars
Temple:   sentei_temple_godly_chess

Notes
Turn   | Place    | Note
-------+----------+-------------------------------------------
     0 | D:1      | sanka the Gargoyle Earth Elementalist began the quest for
                  | the Orb.
     0 | D:1      | Reached XP level 1. HP: 10/10 MP: 3/3
   102 | D:1      | Reached skill level 4 in Earth Magic
   253 | D:1      | Reached XP level 2. HP: 15/15 MP: 1/5
  1001 | D:2      | Reached skill level 5 in Earth Magic
  1001 | D:2      | Reached XP level 3. HP: 19/19 MP: 3/6
  1225 | D:2      | Learned a level 2 spell: Passwall
  1229 | D:2      | Learned a level 3 spell: Stone Arrow
  1634 | D:3      | Reached skill level 6 in Earth Magic
  1634 | D:3      | Reached XP level 4. HP: 21/24 MP: 3/7
  1881 | D:3      | Noticed a scorpion
  1885 | D:3      | Killed a scorpion
  1886 | D:3      | Reached skill level 7 in Earth Magic
  1886 | D:3      | Reached XP level 5. HP: 22/28 MP: 4/8
  2021 | D:3      | Noticed an ogre
  2026 | D:3      | Killed an ogre
  2027 | D:3      | Reached skill level 8 in Earth Magic
  2027 | D:3      | Reached XP level 6. HP: 20/32 MP: 4/9
  2374 | D:4      | Reached skill level 1 in Fighting
  2466 | D:4      | Found a staircase to the Ecumenical Temple.
  2480 | Temple   | Entered the Ecumenical Temple
  2488 | Temple   | Became a worshipper of Vehumet
  2644 | D:4      | Reached skill level 2 in Dodging
  2889 | D:4      | Found a shadowy altar of Dithmenos.
  3097 | D:4      | Found a shimmering altar of Xom.
  3112 | D:4      | Found an ancient bone altar of Kikubaaqudgha.
  3190 | D:4      | Found a glowing silver altar of Zin.
  3206 | D:4      | Found a broken altar of Ashenzari.
  3283 | D:5      | Entered Level 5 of the Dungeon
  3283 | D:5      | Found Muasogeo's Assorted Antiques.
  3297 | D:5      | Reached skill level 2 in Fighting
  3379 | D:5      | Reached XP level 7. HP: 17/40 MP: 5/10
  3386 | D:5      | Killed from afar by an orc priest

Vanquished Creatures
  An ogre (D:3)
  2 scorpions
  An orc priest (D:5)
  2 hounds
  An orc wizard (D:4)
  4 adders
  2 worms
  7 dart slugs
  8 orcs
  2 ball pythons
  2 endoplasms (D:4)
  4 giant cockroaches
  5 goblins
  8 hobgoblins
  4 jackals (D:5)
  4 kobolds
  4 quokkas
  2 bats
  A frilled lizard (D:3)
  5 rats
69 creatures vanquished.
